 Dungeon Crawl Stone Soup version 0.20.1-1-g8b1a95d (webtiles) character file.

16 Mitsuki the Digger (level 2, 0/15 HPs)
             Began as a Gargoyle Earth Elementalist on Oct 4, 2017.
             Slain by a hobgoblin (2 damage)
             ... on level 1 of the Dungeon.
             The game lasted 00:03:07 (1323 turns).

Mitsuki the Digger (Gargoyle Earth Elementalist)    Turns: 1323, Time: 00:03:07

Health: 0/15       AC:  4    Str: 11    XL:     2   Next: 58%
Magic:  5/5        EV: 12    Int: 15    God:
Gold:   81         SH:  0    Dex: 10    Spells: 4/5 levels left

rFire    . . .     SeeInvis .   a - +0 dagger
rCold    . . .     Gourm    .   (no shield)
rNeg     + . .     Faith    .   c - +0 robe
rPois    ∞         Spirit   .   (no helmet)
rElec    +         Reflect  .   (no cloak)
rCorr    .         Harm     .   (no gloves)
MR       .....                  (no boots)
Stlth    ++........             (no amulet)
Regen    0.1/turn               (no ring)
MPRegen  0.1/turn               (no ring)

@: no status effects
A: negative energy resistance 1, electricity resistance, unbreathing,
petrification resistance, rot immunity, AC +2
a: no special abilities


You were on level 1 of the Dungeon.
You were not hungry.

You visited 1 branch of the dungeon, and saw 1 of its levels.

You collected 81 gold pieces.

Inventory:

Hand Weapons
 a - a +0 dagger (weapon)
Missiles
 b - 78 stones (quivered)
Armour
 c - a +0 robe (worn)
Scrolls
 f - a scroll of remove curse {unknown}
 g - 2 scrolls of magic mapping {unknown}
Books
 e - a book of Geomancy

   Spells                             Type                      Level
   a - Sandblast                      Earth                        1
   b - Passwall                       Transmutation/Earth          2
   c - Stone Arrow                    Conjuration/Earth            3
   d - Petrify                        Transmutation/Earth          4
   e - Lee's Rapid Deconstruction     Earth                        5
Comestibles
 d - 2 bread rations
 h - a meat ration


   Skills:
 - Level 1.5 Dodging
 - Level 2.1 Stealth
 + Level 2.4 Spellcasting
   Level 0.7 Transmutations
 + Level 4.2 Earth Magic


You had 4 spell levels left.
You knew the following spells:

 Your Spells              Type           Power        Failure   Level  Hunger
a - Sandblast             Erth           ##....       3%          1    #......


Dungeon Overview and Level Annotations

Branches:
Dungeon (1/15)

Altars:


Innate Abilities, Weirdness & Mutations

You are resistant to torment.
Your stone body is resilient. (AC +2)
You are immune to poison.
You resist negative energy. (rN+)
You are resistant to electric shocks. (rElec)
You can survive without breathing.
You are immune to petrification.
You are immune to rotting.


Message History

You hit the dart slug but do no damage.
The dart slug is heavily wounded.
The dart slug misses you. The hobgoblin hits you.
* * * LOW HITPOINT WARNING * * *
You hit the dart slug but do no damage.
The dart slug is heavily wounded.
The dart slug barely misses you. The hobgoblin closely misses you.
You hit the hobgoblin.
The hobgoblin is heavily wounded.
The dart slug bites you but does no damage.
The hobgoblin hits you.
* * * LOW HITPOINT WARNING * * *
You hit the hobgoblin but do no damage.
The hobgoblin is heavily wounded.
The hobgoblin closely misses you.
You hit the hobgoblin.
The hobgoblin is almost dead.
The dart slug bites you but does no damage.
The hobgoblin hits you.
You die...

.# #..# #.##.# ##
#.## #.##.# ####
#.####.##.# ##.#
#.#....##.# ...#
#.#.#####.# ####
#.#.#####.# ####
#.#.##....# ...#
#.#.##.##g#
##.#####.#.##.##@#
##.......#....##w#
################.#
# #....#.... ..#
#####.##.#.#######
...##.##.#.#
##....##.#.#
########.#.#
...#####.#.#


You could see a dart slug and a hobgoblin.

Vanquished Creatures
  A leopard gecko (D:1)
  A giant cockroach (D:1)
  A goblin (D:1)
  3 hobgoblins (D:1)
  3 jackals (D:1)
  2 kobolds (D:1)
  A frilled lizard (D:1)
  A rat (D:1)
13 creatures vanquished.

Notes
Turn   | Place    | Note
-------+----------+-------------------------------------------
     0 | D:1      | Mitsuki the Gargoyle Earth Elementalist began the quest for the Orb.
     0 | D:1      | Reached XP level 1. HP: 10/10 MP: 3/3
   863 | D:1      | Reached skill level 4 in Earth Magic
   863 | D:1      | Reached XP level 2. HP: 7/15 MP: 5/5
  1323 | D:1      | Slain by a hobgoblin

Skill      XL: |  1 |
---------------+----+-----
Earth Magic    | 4 |  4.2
Dodging        | |  1.5
Stealth        | |  2.1
Spellcasting   | |  2.4
Transmutations | |  0.7

Action                   || total
-------------------------++-------
Melee: Dagger            ||   108
       Unarmed           ||     4
  Eat: Chunk             ||     1
Armor: Robe              ||    36
Dodge: Dodged            ||    58
